Map: Green Acres

Players

vlados - Winner!

  • Race: Terran Terran
  • Spawn Location: 1:00

BobbySixKill - Winner!

  • Race: Protoss Protoss
  • Spawn Location: 3:00

Gracz - Winner!

  • Race: Terran Terran
  • Spawn Location: 12:00

vlad

  • Race: Terran Terran
  • Spawn Location: 7:00

george

  • Race: Protoss Protoss
  • Spawn Location: 9:00

A.I. 5 (Hard)

  • Race: Terran Terran
  • Spawn Location: 6:00

VOD

Have the link to the VOD?

Description

Time

  • Played on: March 9, 2016, 11:05 a.m.
  • Length: 21:10
Show
View Real Time Build Order
Export as new Build Order

vlados Terran - Winner!

Build Orders: MMM Bio 

Get SALT Encoding   

  12  0:52  Refinery  
  12  0:53  Supply Depot  
  12  0:54  Refinery  
  12  0:56  SCV  
  13  1:08  SCV  
  14  1:20  SCV  
  15  1:27  Barracks  
  15  1:32  SCV  
  16  1:44  SCV  
  17  1:56  SCV  
  17  1:57  Supply Depot  
  18  2:08  SCV  
  19  2:18  Barracks  
  19  2:20  SCV  
  20  2:23  Supply Depot  
  20  2:32  SCV  
  21  2:41  Marine  
  22  2:45  SCV  
  23  2:57  SCV  
  24  2:58  Marine  
  25  3:09  SCV  
  26  3:13  Marine  
  26  3:14  Bunker  
  26  3:16  Marine  
  28  3:21  SCV  
  29  3:28  Supply Depot  
  29  3:31  Marine  
  29  3:33  SCV  
  31  3:34  Marine  
  32  3:49  Marine  
  32  3:55  Barracks Tech Lab  
  33  4:04  Engineering Bay  
  33  4:07  Marine  
  34  4:14  Supply Depot  
  34  4:21  Combat Shields  
  34  4:45  Bunker  
  34  4:47  SCV  
  35  4:58  Factory  
  35  4:59  SCV  
  36  5:01  Marine  
  37  5:11  SCV  
  38  5:19  Marine  
  38  5:21  Marauder  
  41  5:23  SCV  
  41  5:25  Terran Infantry Weapons Level 1  
  43  5:35  SCV  
  43  5:37  Marine  
  43  5:40  Stimpack  
  43  5:42  Marauder  
  46  5:49  Command Center  
  46  5:54  Barracks, Marine  
  46  5:56  Barracks  
  47  5:57  Barracks  
  47  6:03  Marauder  
  49  6:12  Marine  
  50  6:25  Marauder  
  52  6:46  Marauder  
  54  6:47  Orbital Command  
  54  6:58  Marine  
  55  7:07  Marauder  
  57  7:09  Reaper x2  
  57  7:10  Reaper  
  60  7:15  Marine  
  60  7:19  Terran Infantry Armor Level 1  
  61  7:23  SCV  
  61  7:29  Marauder  
  64  7:33  Marine  
  64  7:35  SCV  
  66  7:41  Reaper  
  66  7:42  Reaper x2  
  69  7:45  Starport  
  69  7:48  Concussive Shells, SCV  
  70  8:12  Supply Depot  
  70  8:14  Supply Depot x2  
  70  8:16  Supply Depot  
  70  8:17  Supply Depot  
  76  8:34  Marauder, SCV, Reaper x3  
  76  8:46  SCV  
  77  8:58  SCV  
  78  9:06  Reaper x3  
  81  9:10  SCV  
  82  9:24  Reaper  
  83  9:38  Reaper x3  
  87  10:10  Reaper x3  
  87  10:13  Marauder  
  91  10:14  Marine  
  92  10:27  SCV  
  93  10:32  Marine  
  93  10:34  Marauder  
  96  10:39  SCV  
  96  10:41  Medivac  
  96  10:42  Reaper x3  
  102  10:50  Marine  
  102  10:52  SCV  
  102  10:55  Starport  
  102  10:56  Marauder  
  106  11:04  SCV  
  107  11:07  Marine  
  107  11:11  Medivac  
  110  12:32  Supply Depot  
  110  12:33  Supply Depot  
  110  12:35  Supply Depot  
  110  12:36  Supply Depot  
  110  12:54  Marauder, Marine, Medivac, SCV, Reaper x3  
  119  13:10  Planetary Fortress  
  119  13:12  Marine  
  120  13:14  Factory Tech Lab  
  120  13:16  Marauder  
  122  13:26  Reaper x3  
  125  13:29  Marine  
  126  13:37  Marauder  
  126  13:40  Viking  
  130  13:47  Marine  
  131  13:58  Marauder, Reaper x2  
  131  13:59  Reaper  
  136  14:10  Viking  
  138  14:20  Marauder  
  140  14:40  Viking  
  142  14:46  Supply Depot  
  142  14:47  Supply Depot  
  142  14:48  Supply Depot  
  142  14:50  Supply Depot  
  142  14:51  Supply Depot  
  142  14:53  Supply Depot  
  142  15:20  Viking  
  144  15:50  Viking  
  146  16:05  Supply Depot  
  146  16:06  Supply Depot  
  146  16:25  Marine x2  
  148  16:38  Siege Tank  
  151  16:43  Marine x2  
  153  16:53  Refinery  
  150  17:01  Marine x2  
  150  17:04  Refinery  
  152  17:10  Siege Tank  
  155  17:43  Siege Tank  
Show
View Real Time Build Order
Export as new Build Order

BobbySixKill Protoss - Winner!

Build Orders: Oracle Opening 

Get SALT Encoding   

  12  0:02  Probe (Chrono Boost)  
  13  0:12  Probe (Chrono Boost)  
  14  0:22  Pylon  
  14  0:33  Probe (Chrono Boost)  
  15  0:41  Forge  
  15  0:47  Probe (Chrono Boost)  
  16  0:57  Probe (Chrono Boost)  
  17  1:08  Probe (Chrono Boost)  
  18  1:12  Pylon  
  18  1:33  Gateway, Photon Cannon  
  18  1:38  Assimilator  
  18  1:45  Probe (Chrono Boost)  
  19  1:48  Assimilator  
  19  1:57  Photon Cannon  
  19  2:06  Probe (Chrono Boost)  
  20  2:17  Pylon  
  20  2:22  Cybernetics Core  
  20  2:24  Probe (Chrono Boost)  
  20  2:30  Pylon  
  20  2:34  Probe (Chrono Boost)  
  21  3:03  Stargate  
  21  3:05  Probe (Chrono Boost)  
  22  3:11  Warp Gate  
  22  3:15  Adept  
  22  3:18  Probe (Chrono Boost)  
  25  3:25  Pylon  
  25  3:46  Oracle (Chrono Boost)  
  28  4:04  Gateway  
  28  4:07  Gateway  
  28  4:18  Oracle (Chrono Boost)  
  31  4:43  Twilight Council  
  31  4:44  Probe  
  32  5:04  Phoenix (Chrono Boost)  
  34  5:14  Gateway, Probe  
  35  5:25  Phoenix (Chrono Boost)  
  35  5:26  Probe  
  38  5:32  Dark Shrine  
  38  5:50  Probe  
  38  5:53  Pylon  
  39  5:59  Blink (Chrono Boost)  
  39  6:00  Gateway  
  39  6:07  Nexus  
  39  6:12  Assimilator  
  39  6:47  Dark Templar x2  
  42  7:09  Gateway  
  42  7:12  Pylon  
  42  7:17  Pylon  
  40  7:24  Dark Templar  
  42  7:34  Phoenix (Chrono Boost)  
  42  7:50  Robotics Facility  
  40  7:51  Probe  
  40  8:02  Probe  
  41  8:09  Phoenix  
  43  8:19  Probe  
  43  8:20  Pylon  
  43  8:25  Stalker x3  
  43  8:26  Stalker  
  52  8:30  Probe  
  52  8:32  Probe  
  54  8:38  Observer  
  54  8:40  Probe  
  55  8:44  Nexus  
  56  8:50  Pylon  
  56  9:03  Probe  
  57  9:41  Probe  
  58  9:50  Photon Cannon  
  58  9:52  Pylon, Probe  
  58  9:54  Assimilator  
  58  9:55  Probe  
  58  9:58  Stalker  
  58  9:59  Assimilator, Stalker x4  
  70  10:02  Observer  
  70  10:05  Probe  
  71  10:09  Assimilator  
  72  10:24  Stalker  
  72  10:25  Stalker  
  72  10:27  Stalker  
  78  10:36  Pylon  
  77  11:01  Probe  
  77  11:02  Robotics Bay  
  78  11:12  Probe  
  78  11:15  Stalker x2  
  83  11:22  Probe  
  84  11:41  Probe  
  84  11:45  Photon Cannon  
  85  11:51  Probe  
  86  12:11  Probe  
  87  12:22  Probe  
  87  12:42  Stalker  
  86  12:46  Disruptor (Chrono Boost)  
  86  12:48  Pylon  
  86  12:50  Pylon  
  84  12:52  Pylon  
  84  13:20  Nexus  
  82  14:32  Stalker x2  
  82  14:33  Stalker x3  
  92  14:48  Disruptor (Chrono Boost)  
  92  14:51  Pylon  
  89  15:12  Probe  
  89  15:13  Pylon  
  90  15:14  Pylon  
  90  15:18  Pylon  
  90  15:19  Pylon  
  90  15:25  Warp Prism (Chrono Boost)  
  92  15:29  Probe  
  92  15:34  Pylon  
  93  15:40  Probe  
  82  16:24  Photon Cannon  
  82  16:26  Nexus  
  80  17:01  Photon Cannon  
  80  17:03  Pylon  
  80  17:39  Stalker x4, Probe  
  80  17:40  Stalker  
  91  17:50  Probe  
  92  18:00  Probe  
  93  18:11  Probe  
  94  18:20  Stalker x4  
  94  18:21  Stalker  
  104  18:55  Stalker x2  
  108  18:56  Stalker x3  
  114  19:10  Probe  
  114  19:16  Pylon  
  115  19:20  Assimilator  
  115  19:21  Probe  
  115  19:22  Assimilator  
  116  19:32  Probe  
  117  19:42  Probe  
  117  19:44  Nexus  
  107  19:53  Probe  
  100  20:02  Stalker  
  100  20:03  Stalker x3  
  108  20:12  Probe  
  109  20:41  Nexus  
Show
View Real Time Build Order
Export as new Build Order

Gracz Terran - Winner!

Build Orders:  

Get SALT Encoding   

  12  0:03  SCV  
  13  0:15  SCV  
  14  0:27  SCV  
  15  0:28  Supply Depot  
  15  0:34  Refinery  
  15  0:50  SCV  
  16  1:02  SCV  
  16  1:03  Barracks  
  17  1:14  SCV  
  18  1:30  Supply Depot  
  18  1:37  Supply Depot  
  18  2:11  Barracks Reactor  
  18  2:14  Refinery  
  18  2:25  Engineering Bay  
  18  2:27  Engineering Bay  
  18  2:30  SCV  
  18  2:33  Factory  
  19  2:42  SCV  
  20  2:55  Orbital Command  
  20  2:57  Marine x2  
  22  3:03  Command Center  
  22  3:23  SCV  
  23  3:31  Factory Tech Lab  
  23  3:32  Factory  
  23  3:35  SCV  
  23  3:39  Starport  
  24  3:52  SCV  
  25  4:09  Barracks  
  25  4:14  Barracks  
  25  4:22  Barracks, Refinery, SCV  
  26  4:31  Starport Tech Lab  
  26  4:35  Starport  
  26  4:37  Factory Tech Lab  
  26  4:45  Orbital Command  
  26  5:16  SCV  
  27  5:32  Starport Tech Lab  
  27  5:34  Starport  
  27  5:44  Armory  
  27  5:51  SCV  
  27  5:54  SCV  
  29  6:00  Refinery  
  29  6:03  SCV  
  30  6:06  SCV  
  31  6:13  Terran Infantry Armor Level 1, Terran Infantry Weapons Level 1  
  31  6:15  SCV  
  31  6:18  SCV, Fusion Core  
  33  6:27  SCV  
  33  6:30  SCV  
  33  6:32  Armory  
  35  6:40  Barracks Reactor, SCV  
  35  6:41  Barracks Reactor  
  35  6:42  SCV  
  35  6:44  Barracks Tech Lab  
  37  6:48  Banshee  
  37  6:49  Banshee  
  37  6:52  SCV  
  44  6:54  SCV  
  44  6:59  Thor  
  51  7:06  SCV  
  53  7:15  SCV  
  53  7:19  SCV  
  53  7:20  Armory  
  54  7:25  Stimpack  
  54  7:34  Supply Depot  
  54  7:56  Reaper, Marine x4, Banshee  
  62  8:03  Supply Depot  
  62  8:25  Marauder, SCV x2, Banshee  
  69  8:37  SCV  
  70  8:48  Reaper x2, SCV, Banshee  
  70  8:49  SCV  
  70  8:54  Command Center  
  77  8:56  Supply Depot  
  77  9:01  SCV  
  77  9:03  Refinery  
  76  9:13  SCV  
  77  9:17  Banshee  
  77  9:18  Supply Depot  
  80  9:25  Combat Shields  
  80  9:31  Banshee  
  83  10:05  Terran Vehicle Weapons Level 1  
  83  10:06  Terran Vehicle And Ship Armor Level 1, Terran Ship Weapons Level 1  
  83  10:09  Building Armor  
  83  10:11  Neosteel Frame  
  83  10:16  Command Center  
  83  10:25  Supply Depot  
  83  10:28  Weapon Refit  
  83  10:30  Advanced Ballistics  
  83  10:31  Hyperflight Rotors  
  83  10:39  Starport  
  83  11:11  Behemoth Reactor  
  83  11:17  Starport  
  83  11:23  Starport Tech Lab  
  83  11:25  Viking x2  
  85  11:30  Refinery  
  85  11:32  Marine x2  
  88  11:33  Marine x2  
  88  11:34  Marine  
  88  11:35  Marine  
  93  11:50  Marine x2  
  93  11:51  Marine x2  
  93  11:52  Marine  
  98  11:55  Refinery  
  94  12:03  Cloaking Field  
  56  12:34  Starport Tech Lab  
  56  12:39  Terran Vehicle Weapons Level 2  
  56  12:40  Terran Vehicle And Ship Armor Level 2, Terran Ship Weapons Level 2  
  56  12:42  Terran Infantry Weapons Level 2  
  56  12:43  Terran Infantry Armor Level 2  
  56  12:45  Starport  
  56  12:46  Orbital Command  
  56  13:02  SCV  
  57  13:14  SCV  
  58  13:25  Starport Reactor  
  58  13:26  Explosive Shrapnel Shells  
  58  13:27  High Capacity Fuel Tanks  
  58  13:28  Corvid Reactor  
  58  14:19  Medivac x2  
  58  14:23  Marine  
  58  14:24  Marine x6  
  69  14:32  Medivac  
  69  14:37  Starport Tech Lab  
  71  14:40  Battlecruiser  
  71  14:41  Marine  
  71  14:42  Marine x6  
  71  14:43  Battlecruiser  
  90  14:49  Medivac x2  
  94  14:55  Thor  
  94  14:59  Marine x4  
  101  15:00  Marine x3  
  107  15:17  Marine x7  
  114  15:33  Thor  
  114  15:35  Marine  
  120  15:37  Marine  
  120  15:38  Marine  
  123  15:43  Marine x2  
  123  15:44  Marine x2  
  123  15:47  Battlecruiser  
  133  15:54  Marauder  
  133  15:55  Marine x2  
  137  16:01  Marine  
  138  16:13  Marine  
  138  16:15  Marauder  
  129  16:36  Marauder  
  113  17:03  Battlecruiser  
  113  17:04  Battlecruiser  
  113  17:07  Terran Infantry Weapons Level 3  
  125  17:21  Orbital Command  
  125  17:55  Orbital Command  
  125  18:22  Refinery  
  125  18:23  Refinery  
  125  19:38  Marine, Siege Tank  
  128  19:39  Marine  
  128  19:44  Marine  
  131  19:45  Marine x2  
  131  19:47  Reaper x2  
  131  19:50  Medivac x2  
  139  19:57  Marauder  
  141  20:01  Marine, Siege Tank  
  141  20:02  Marine  
  141  20:03  Marine x2  
  148  20:19  Reaper  
  149  20:32  Supply Depot  
  149  20:33  Supply Depot  
  149  20:35  Supply Depot  
Show
View Real Time Build Order
Export as new Build Order

vlad Terran 

Build Orders:  

Get SALT Encoding   

  12  0:27  SCV  
  13  0:35  Supply Depot  
  13  0:39  SCV  
  13  0:42  Refinery  
  14  0:51  SCV  
  15  1:03  SCV  
  16  1:15  SCV  
  17  2:13  SCV  
  18  2:19  Barracks  
  18  2:22  Barracks  
  18  2:25  SCV  
  18  2:29  Refinery  
  19  2:34  Barracks  
  19  2:38  SCV  
  20  2:50  SCV  
  22  3:06  Orbital Command  
  22  3:12  Barracks Reactor  
  21  3:13  Marine, Supply Depot  
  21  3:19  Factory  
  22  3:30  Marine  
  22  3:31  Engineering Bay  
  23  3:44  SCV  
  23  3:48  Barracks Tech Lab, Marine  
  24  3:50  Marine x2  
  27  3:56  Supply Depot  
  27  3:57  SCV  
  27  3:59  Terran Infantry Weapons Level 1  
  28  4:06  Marine  
  28  4:08  Marine x2  
  31  4:18  SCV, Marauder  
  31  4:19  Supply Depot  
  31  4:20  Factory Tech Lab  
  34  4:24  Marine  
  34  4:26  Marine x2  
  37  4:39  Marauder  
  37  4:42  Combat Shields  
  37  4:44  Marine x2  
  41  4:49  SCV  
  42  5:01  Marine, Marauder  
  42  5:02  Marine  
  46  5:19  Marine, Supply Depot  
  47  5:21  Supply Depot  
  47  5:24  Missile Turret  
  47  5:36  Starport  
  47  5:40  Marine x2, Siege Tank  
  52  5:46  Starport  
  52  5:52  SCV  
  52  5:53  Missile Turret  
  53  5:59  Marine x2  
  53  6:01  Barracks Reactor  
  55  6:16  Marine x2  
  57  6:34  Marine x2  
  57  6:35  Medivac  
  57  6:39  Marine x2  
  63  6:51  Terran Infantry Armor Level 1  
  63  6:59  Supply Depot  
  63  7:11  Marine  
  63  7:16  Marine  
  63  7:20  Marine x3, Medivac  
  68  7:29  Marine  
  69  7:34  Marine  
  70  7:38  Marine  
  71  8:27  Supply Depot  
  71  8:35  Stimpack  
  71  8:48  Marine x4, Medivac  
  75  8:49  Supply Depot, Marauder  
  75  8:53  Command Center  
  79  9:11  Marine x3, Siege Tank, Marauder  
  79  9:12  Supply Depot  
  87  9:33  Marine x4  
  87  9:34  Marauder  
  74  9:43  Siege Tank  
  76  9:50  Neosteel Frame  
  76  9:51  Marine x4  
  80  9:55  Marauder  
  82  10:02  Supply Depot  
  82  10:07  SCV  
  83  10:09  Marine x4  
  87  10:15  Siege Tank  
  87  10:16  Marine  
  87  10:19  SCV  
  87  10:20  Starport Tech Lab  
  92  10:23  Starport Reactor  
  92  10:27  Marine x4  
  96  10:31  SCV  
  96  10:34  Marine  
  93  11:03  Refinery  
  93  11:45  SCV  
  94  11:48  Refinery  
  94  11:57  SCV  
  79  12:54  Building Armor  
  79  12:55  Marine x2  
  79  12:56  Marine x3  
  84  12:58  Siege Tank  
  87  13:13  Marine x3  
  87  13:14  Marine x2  
  92  13:30  Siege Tank  
  92  13:31  Marine x4  
  89  15:13  Marine  
  89  15:14  Marine x4  
  94  15:31  Marine x2  
  96  15:41  Medivac  
  96  15:42  Medivac  
  18  17:11  Command Center  
  11  18:21  Marine x2  
  12  18:39  Marine  
Show
View Real Time Build Order
Export as new Build Order

george Protoss 

Build Orders:  

Get SALT Encoding   

  12  0:24  Assimilator  
  12  0:29  Pylon  
  12  0:35  Assimilator  
  12  0:37  Probe (Chrono Boost)  
  13  0:47  Probe (Chrono Boost)  
  14  0:58  Probe (Chrono Boost)  
  15  1:42  Probe (Chrono Boost)  
  16  1:53  Probe (Chrono Boost)  
  17  2:03  Probe (Chrono Boost)  
  17  2:47  Probe (Chrono Boost)  
  18  2:57  Probe (Chrono Boost)  
  19  3:04  Gateway  
  19  4:00  Zealot (Chrono Boost)  
  21  4:12  Cybernetics Core  
  21  4:29  Zealot (Chrono Boost)  
  23  5:32  Stargate  
  23  5:45  Pylon  
  25  6:07  Zealot (Chrono Boost)  
  27  6:34  Zealot (Chrono Boost)  
  27  7:01  Zealot (Chrono Boost)  
  29  7:14  Void Ray  
  26  7:25  Pylon  
  26  7:28  Zealot (Chrono Boost)  
  22  7:55  Forge  
  22  7:56  Void Ray  
  26  8:39  Void Ray  
  30  9:07  Stalker (Chrono Boost)  
  32  9:22  Robotics Facility  
  32  9:32  Photon Cannon  
  32  9:34  Photon Cannon  
  32  9:37  Stalker (Chrono Boost)  
  34  9:39  Photon Cannon  
  34  9:42  Photon Cannon  
  34  10:34  Photon Cannon  
  16  13:55  Immortal  
  18  14:21  Pylon  
  18  14:29  Stalker (Chrono Boost)  
  18  14:34  Immortal  
  22  14:59  Stalker (Chrono Boost)  
  26  15:29  Stalker (Chrono Boost)  
  11  17:10  Probe  
Show
View Real Time Build Order
Export as new Build Order

A.I. 5 (Hard) Terran 

Build Orders: MMM Bio 

Get SALT Encoding   

  12  0:01  SCV  
  13  0:13  SCV  
  14  0:19  Supply Depot  
  14  0:25  SCV  
  15  0:41  SCV  
  16  0:44  Barracks  
  16  0:51  Refinery  
  16  0:53  SCV  
  17  1:05  SCV  
  18  1:17  SCV  
  19  1:23  Supply Depot  
  19  1:29  SCV  
  19  1:31  Marine  
  21  1:43  Barracks, Orbital Command  
  21  1:49  Marine  
  21  1:52  Refinery  
  22  2:00  Factory  
  22  2:08  Barracks Tech Lab  
  22  2:21  Supply Depot  
  22  2:26  Marine  
  23  2:31  Marine  
  24  2:44  Marine  
  24  2:49  Hellion, Marine  
  26  3:02  Marine  
  27  3:07  Marine  
  27  3:08  Supply Depot  
  27  3:11  Hellion  
  30  3:16  SCV  
  31  3:20  Marine  
  31  3:25  Marine  
  33  3:28  SCV  
  33  3:30  Engineering Bay  
  33  3:32  Hellion  
  36  3:38  Marine  
  36  3:40  SCV  
  38  3:44  Supply Depot  
  38  3:52  SCV  
  38  3:53  Hellion  
  41  4:04  SCV  
  42  4:17  SCV  
  43  4:29  Marine, SCV  
  42  4:41  SCV  
  43  4:56  Barracks Tech Lab  
  43  4:57  Stimpack, SCV, Marauder  
  43  4:59  Factory, Factory Tech Lab  
  42  5:02  Starport  
  42  5:06  Starport  
  42  5:09  SCV  
  42  5:14  Combat Shields  
  43  5:18  Terran Infantry Weapons Level 1  
  43  5:21  SCV  
  44  5:33  SCV  
  44  5:34  Marauder  
  47  5:38  Starport Tech Lab  
  47  5:40  Supply Depot  
  47  5:43  Starport Tech Lab  
  47  5:44  Factory Tech Lab  
  47  5:48  Siege Tank  
  50  5:59  Banshee  
  53  6:12  Cyclone  
  56  6:26  Viking  
  56  6:28  Supply Depot  
  56  6:32  Missile Turret  
  58  6:38  Missile Turret  
  58  6:45  Banshee  
  61  7:00  Bunker  
  61  7:10  Barracks  
  61  7:12  Terran Infantry Armor Level 1  
  61  7:22  Raven  
  63  7:59  Raven  
  63  8:02  Supply Depot  
  57  8:18  Banshee  
  60  8:42  Viking  
  62  9:01  Banshee  
  65  9:17  Marine  
  65  9:18  Sensor Tower  
  65  9:22  Marine  
  67  9:26  Marine  
  67  9:28  Medivac  
  70  9:47  Medivac  
  70  9:49  Supply Depot  
  72  10:05  Medivac  
  74  10:41  Raven  
  76  10:46  Marauder  
  76  10:48  Supply Depot  
  78  10:51  Marauder  
  80  11:00  Concussive Shells  
  80  11:30  Engineering Bay  
  80  11:36  Armory  
  79  12:23  Terran Infantry Weapons Level 2  
  79  12:24  Terran Infantry Armor Level 2  
  79  12:50  Widow Mine  
  81  12:53  Widow Mine  
  82  13:14  Supply Depot  
  82  13:17  Marauder  
  82  13:18  Thor  
  90  13:51  Marauder  
  90  13:53  Supply Depot  
  90  13:55  Viking  
  92  14:29  Widow Mine  
  94  14:33  Viking  
  88  17:16  Widow Mine  
  72  17:56  SCV  
  69  18:37  Fusion Core  
  69  19:24  Battlecruiser  
  55  19:58  Battlecruiser  
Tags
 
Add a new tag
Caveats
  • Supply blocks, unpowered buildings, or Contaminate may cause inaccurate times.
  • Supply counts are checked every 10 seconds.